 Dungeon Crawl Stone Soup version 0.18-a0-1718-g40ea4b6 (webtiles) character file.

41 M4edhros the Sneak (level 3, 0/25 HPs)
             Began as an Octopode Artificer on Apr 8, 2016.
             Slain by an orc
             ... wielding a +0 hand axe
              (5 damage)
             ... on level 3 of the Dungeon.
             The game lasted 00:07:26 (1481 turns).

M4edhros the Sneak (Octopode Artificer)             Turns: 1481, Time: 00:07:27

Health: 0/25       AC:  1    Str: 10    XL:     3   Next: 52%
Magic:  5/5        EV: 12    Int: 16    God:    Xom [.*....]
Gold:   104        SH:  0    Dex: 13    Spells: 0 memorised, 2 levels left

rFire  . . .     SeeInvis .     k - -1 dagger (curse)
rCold  . . .     Gourm    .     (no shield)
rNeg   . . .     Faith    .     (helmet restricted)
rPois  +         Spirit   .     u - amulet of magic regeneration
rElec  .         Dismiss  .     s - ring of poison resistance
rCorr  .         Reflect  .     (no ring)
SustAt .         Harm     .     (no ring)
MR     +....                    (no ring)
Stlth  ++++......               (no ring)
                                (no ring)
                                (no ring)
                                (no ring)

@: somewhat resistant to hostile enchantments, stealthy
A: almost no armour, amphibious, 8 rings, constrict 8, camouflage 1, clever 1,
magic resistance 1, robust 1, gelatinous body 1
a: Renounce Religion


You were on level 3 of the Dungeon.
You worshipped Xom.
You were a plaything of Xom.
You were not hungry.

You visited 1 branch of the dungeon, and saw 3 of its levels.

You collected 104 gold pieces.

Inventory:

Hand Weapons
 a - a +0 short sword
 k - a cursed -1 dagger (weapon)
Missiles
 e - 44 stones (quivered)
 j - 26 sling bullets
Jewellery
 n - a +3 amulet of reflection
 s - a ring of poison resistance (left tentacle)
 u - an amulet of magic regeneration (around mantle)
Wands
 b - a wand of flame (15/48)
 c - a wand of enslavement (15/24)
 d - a wand of random effects (43/48)
Scrolls
 o - 3 scrolls of fear
 r - a scroll of recharging
Potions
 i - a potion of agility
 m - a potion of might
 p - a potion of lignification {unknown}
 q - a potion of invisibility
 t - 2 potions of brilliance {unknown}
 w - a potion of ambrosia {unknown}
Comestibles
 f - a bread ration
 g - a slice of pizza
 h - a meat ration
 v - a beef jerky


   Skills:
 - Level 1.0 Fighting
 - Level 1.0 Short Blades
 - Level 2.0 Dodging
 + Level 4.8 Stealth
 - Level 3.2 Evocations


You had 2 spell levels left.
You didn't know any spells.

Dungeon Overview and Level Annotations

Branches:
Dungeon (3/15)

Altars:
Ashenzari
Xom
The Shining One


Innate Abilities, Weirdness & Mutations

You cannot wear most types of armour.
You are amphibious.
You can wear up to eight rings at the same time.
You can use your tentacles to constrict eight enemies at once.
Your skin changes colour to match your surroundings (Stealth).
Your rubbery body absorbs attacks (AC +1).
Your mind is acute. (Int +2)
You are resistant to hostile enchantments.
You are robust (+10% HP).


Message History

You constrict the orc, but do no damage.
The orc hits you. The orc barely misses you.
You hit the orc but do no damage. You squeeze the orc.
You kill the orc!
You barely miss the orc. You grab the orc. You squeeze the orc.
The orc is moderately wounded.
You constrict the orc. The orc barely misses you.
You barely miss the orc.
The orc is heavily wounded.
You constrict the orc. The orc hits you with a hand axe.
* * * LOW HITPOINT WARNING * * *
You barely miss the orc.
The orc is heavily wounded.
You constrict the orc. The orc hits you with a hand axe.
* * * LOW HITPOINT WARNING * * *
You hit the orc but do no damage.
The orc is severely wounded.
You constrict the orc. The orc hits you with a hand axe.
You die... "What!?
That's it?"

#.......#.####.#####
...#####.#.##...#
#.#....### ###.####
#######...#
#§.§.§.#(..#
#._....'...+
#§.§.§.#...#
#######.[@# ##o##
.... .......
#...#..## ######.#
.# o#


You could see an orc.

Vanquished Creatures
  2 oozes
  3 orcs (D:3)
  5 goblins
  5 hobgoblins
  6 bats
  2 giant newts (D:2)
  3 kobolds
  2 rats
28 creatures vanquished.

Notes
Turn   | Place    | Note
--------------------------------------------------------------
     0 | D:1      | M4edhros the Octopode Artificer began the quest for the Orb.
     0 | D:1      | Reached XP level 1. HP: 13/13 MP: 3/3
   133 | D:1      | Reached skill level 2 in Stealth
   224 | D:1      | Reached XP level 2. HP: 16/18 MP: 4/4
   289 | D:1      | Reached skill level 3 in Stealth
   647 | D:2      | Found a shimmering altar of Xom.
   652 | D:2      | Reached skill level 4 in Stealth
   675 | D:2      | Gained mutation: Your mind is acute. (Int +2) [potion of mutation]
   675 | D:2      | Gained mutation: You are resistant to hostile enchantments. [potion of mutation]
   675 | D:2      | Gained mutation: You are robust (+10% HP). [potion of mutation]
   682 | D:2      | Became a worshipper of Xom of Chaos
   721 | D:2      | Reached XP level 3. HP: 23/25 MP: 5/5
  1129 | D:2      | XOM: god gift: 15 silver bolts
  1151 | D:2      | XOM: scenery: create altars
  1203 | D:2      | XOM: butterfly on damage
  1402 | D:3      | XOM: noise
  1410 | D:3      | Found a shattered altar of Ashenzari.
  1456 | D:3      | Found a glowing golden altar of the Shining One.
  1481 | D:3      | Slain by an orc

Vault maps used:
D:1:      dpeg_arrival_windows_large_door
D:2:      overflow_temple_1_default
D:3:      grunt_temple_overflow_holy_war, ashenzari_altar_1,
          lemuel_doored_altar, nicolae_ru_great_annihilating_truth

Skill      XL: |  1  2 |
---------------+-------+-----
Stealth        | 2 4 |  4.8
Fighting       | |  1.0
Short Blades   | |  1.0
Dodging        | |  2.0
Evocations     | |  3.2

Action                   || total
-------------------------++-------
Melee: Short sword       ||    12
       Dagger            ||    53
  Use: Scroll            ||     5
       Potion            ||     3
 Stab: Sleeping          ||     5
  Eat: Chunk             ||     2
